Map: Acid Plant LE

Players

Kuzmich

  • Race: Terran Terran
  • League: Gold
  • Spawn Location: 11:00

Michael - Winner!

  • Race: Zerg Zerg
  • League: Gold
  • Spawn Location: 5:00

VOD

Have the link to the VOD?

Description

Time

  • Played on: Oct. 7, 2018, 6:47 a.m.
  • Length: 7:11
Show
View Real Time Build Order
Export as new Build Order

Kuzmich Terran 

Build Orders: Reaper Expand 

Get SALT Encoding   

  12  0:00  SCV  
  13  0:13  SCV  
  14  0:17  Supply Depot  
  14  0:25  SCV  
  15  0:39  SCV  
  15  0:40  Barracks  
  16  0:44  Refinery  
  16  0:51  SCV  
  17  1:03  SCV  
  18  1:15  SCV  
  19  1:27  Orbital Command  
  19  1:28  Reaper  
  20  1:42  Command Center  
  20  1:51  Supply Depot  
  20  1:53  SCV  
  21  2:00  Marine  
  22  2:05  Bunker  
  22  2:09  SCV  
  23  2:16  Factory  
  23  2:24  Barracks Reactor  
  23  2:38  SCV  
  23  2:43  Refinery  
  23  2:50  SCV  
  24  2:52  Engineering Bay, Supply Depot  
  24  3:02  SCV  
  25  3:10  Orbital Command  
  23  3:14  Bunker, Marine x2  
  25  3:20  Factory Tech Lab  
  25  3:22  Supply Depot  
  25  3:39  Orbital Command  
  24  3:41  Marine x2  
  23  3:51  Siege Tank  
  25  3:59  Starport  
  25  4:01  Marine x2  
  27  4:16  SCV x2  
  29  4:19  Marine x2  
  31  4:30  SCV, Orbital Command  
  32  4:33  Siege Tank  
  32  4:37  Marine x2  
  32  4:38  Terran Infantry Weapons Level 1  
  37  4:47  SCV  
  37  4:54  Marine x2  
  37  4:58  SCV  
  37  4:59  SCV  
  38  5:08  Viking, Supply Depot  
  38  5:11  SCV  
  38  5:12  SCV  
  42  5:18  Missile Turret  
  42  5:23  SCV  
  42  5:24  SCV  
  42  5:25  Missile Turret  
  44  5:33  Refinery  
  44  5:34  Refinery  
  44  5:35  SCV  
  45  5:36  SCV  
  46  5:45  Supply Depot  
  46  5:47  SCV  
  46  5:48  SCV  
  48  5:59  SCV  
  48  6:00  SCV  
  48  6:01  Missile Turret  
  50  6:06  Starport Reactor  
  50  6:08  Missile Turret x2, Marine  
  50  6:10  Missile Turret  
  51  6:11  SCV  
  51  6:12  SCV  
  53  6:23  SCV  
  53  6:24  SCV  
  55  6:32  Command Center  
  55  6:35  SCV  
  55  6:36  SCV  
  57  6:40  Marine x2  
  64  6:47  SCV  
  64  6:48  SCV  
Show
View Real Time Build Order
Export as new Build Order

Michael Zerg - Winner!

Build Orders: Pool First 

Get SALT Encoding   

  12  0:00  Drone  
  13  0:12  Overlord  
  13  0:17  Drone  
  14  0:30  Drone x2  
  14  0:34  Drone  
  17  0:38  Extractor  
  16  0:45  Drone  
  17  0:51  Spawning Pool  
  17  0:55  Drone  
  17  1:06  Drone  
  18  1:23  Hatchery  
  18  1:25  Drone  
  18  1:29  Drone  
  19  1:39  Queen  
  19  1:46  Metabolic Boost  
  21  1:57  Spine Crawler  
  21  1:58  Zergling x2  
  21  2:01  Zergling x2  
  22  2:10  Overlord  
  22  2:35  Zergling x8  
  24  2:44  Queen  
  25  3:06  Drone x2  
  25  3:07  Drone x4  
  25  3:11  Drone  
  32  3:18  Queen  
  34  3:22  Drone  
  34  3:51  Queen  
  34  3:52  Roach Warren  
  34  3:53  Extractor  
  34  4:01  Queen  
  35  4:12  Hatchery, Zergling x4  
  35  4:14  Overlord x2  
  35  4:15  Overlord  
  36  4:30  Evolution Chamber  
  36  4:31  Spore Crawler  
  33  4:32  Drone x3  
  35  4:53  Lair  
  35  4:57  Zerg Ground Armor Level 1  
  35  4:58  Drone  
  35  4:59  Drone x2  
  37  5:01  Drone  
  37  5:04  Drone  
  37  5:06  Drone  
  40  5:11  Overlord  
  40  5:27  Queen  
  42  5:29  Drone x4  
  42  5:31  Drone  
  42  5:33  Drone  
  48  5:36  Drone  
  48  5:39  Pneumatized Carapace  
  49  5:49  Roach x2  
  55  5:50  Roach  
  55  6:07  Roach  
  55  6:08  Spine Crawler  
  56  6:23  Drone, Spore Crawler  
  56  6:24  Drone x3, Spine Crawler  
  58  6:31  Overlord x3  
  58  6:33  Overlord  
  58  6:43  Spire  
  58  6:46  Drone  
  58  6:48  Infestation Pit  
  58  6:49  Drone x2  
  58  6:51  Drone  
  58  6:52  Drone  
Tags
 
Add a new tag
Caveats
  • Supply blocks, unpowered buildings, or Contaminate may cause inaccurate times.
  • Supply counts are checked every 10 seconds.